 Dungeon Crawl Stone Soup version 0.29.1-15-g9cfb28693d (webtiles) character file.

Game seed: 13373814714896652737

58 hawla the Firebug (level 4, -11/33 HPs)
             Began as a Meteoran Fire Elementalist on Apr 27, 2023.
             Killed by divine providence
             ... invoked by an orc priest
              (13 damage)
             ... on level 4 of the Dungeon.
             The game lasted 00:01:48 (340 turns).

hawla the Firebug (Meteoran Fire Elementalist)       Turns: 340, Time: 00:01:48

Health: -11/33     AC:  3    Str:  9    XL:     4   Next: 44%
Magic:  8/10       EV: 13    Int: 18    God:
Gold:   21         SH:  4    Dex: 15    Spells: 6/9 levels left

rFire   . . .      SeeInvis .   i - staff of earth
rCold   . . .      Faith    .   (no shield)
rNeg    . . .      Spirit   .   a - +0 robe
rPois   .          Reflect  .   (no helmet)
rElec   .          Harm     .   (no cloak)
rCorr   .          Rampage  .   (no gloves)
Will    .....                   h - +0 pair of boots
Stlth   +.........              (no amulet)
HPRegen 0.11/turn               (no ring)
MPRegen 0.12/turn               (no ring)

@: glowing
A: sense surroundings 1, otherworldly, glowing, explore regen, large bone plates
1, screaming 1
a: no special abilities


You were on level 4 of the Dungeon.
You visited 1 branch of the dungeon, and saw 4 of its levels.

You collected 21 gold pieces.

Inventory:

Armour
 a - a +0 robe (worn)
 h - a +0 pair of boots (worn)
Magical Staves
 i - a staff of earth (weapon)
Scrolls
 c - a scroll of blinking {unknown}
 d - a scroll of fear {unknown}
 f - a scroll of identify {unknown}
Potions
 e - a potion of degeneration {unknown}
 g - a potion of curing {unknown}


   Skills:
 + Level 0.2 Fighting
 + Level 2.9 Dodging
 - Level 1.4 Stealth
 + Level 3.4 Spellcasting
 + Level 1.6 Conjurations
 + Level 4.8 Fire Magic


You had 6 spell levels left.
You knew the following spells:

 Your Spells              Type           Power      Damage    Failure   Level
a - Foxfire               Conj/Fire      56%        2x1d6     4%          1
b - Scorch                Fire           40%        2d7       3%          2

Your spell library contained the following spells:

 Spells                   Type           Power      Damage    Failure   Level
 Conjure Flame            Conj/Fire      14%        6-21      12%         3
 Static Discharge         Conj/Air       6%         3-4/arc   17%         2
 Inner Flame              Hex/Fire       11%        N/A       17%         3
 Flame Wave               Conj/Fire      14%        2d6       38%         4
 Lightning Bolt           Conj/Air       3%         1d14      97%         5
 Maxwell's Capacitive Co  Air            1%         ∞         100%        8


Dungeon Overview and Level Annotations

Branches:
Dungeon (4/15) Zot: 2059
 Temple: D:4-7

Altars:


Innate Abilities, Weirdness & Mutations

You passively map a small area around you.
You are easily found by Zot.
You glow in the dark.
You regain HP and MP as you explore.
You are partially covered in large bone plates. (SH +4)
You occasionally shout uncontrollably at your foes.


Message History

You hit the orc priest but do no damage.
The orc priest is lightly wounded.
The foxfire hits the orc priest.
The orc priest is moderately wounded.
The foxfire hits the orc priest.
The orc priest is severely wounded.
You block the orc priest's attack. Magic courses through your body.
The orc priest hits you but does no damage.
Casting: Foxfire (safe; 4% risk of failure)
Confirm with . or Enter, or press ? or * to list all spells.
You conjure some foxfire!
The orc priest hits you but does no damage.
You hit the orc priest.
The orc priest is severely wounded.
The foxfire hits the orc priest but does no damage.
The orc priest is severely wounded.
The foxfire hits the orc priest but does no damage.
The orc priest is severely wounded.
The orc priest calls down the wrath of Beogh upon you.
Beogh smites you!
* * * LOW HITPOINT WARNING * * *
Casting: Foxfire (safe; 4% risk of failure)
Confirm with . or Enter, or press ? or * to list all spells.
You conjure some foxfire!
You block the orc priest's attack.
You hit the orc priest but do no damage.
The orc priest is severely wounded.
The foxfire hits the orc priest but does no damage.
The orc priest is severely wounded.
The foxfire hits the orc priest but does no damage.
The orc priest is severely wounded.
The orc priest barely misses you.
The orc priest hits you with a +0 dagger.
* * * LOW HITPOINT WARNING * * *
Casting: Foxfire (safe; 4% risk of failure)
Confirm with . or Enter, or press ? or * to list all spells.
You conjure some foxfire!
The orc priest invokes the aid of Beogh against you.
Beogh smites you!
You die...

#.###
##.....##
#. #.#
##...## #.
#.# ##+##
## #.####
* #....# #
,
####.#,,.#
* #.# ..#*
##.#...#
,,, #v@o.#
#..v## , *
* #....#,
,, ,
####...* ,
...# ,
...# *####


You could see an orc priest (ally target).

Vanquished Creatures
  An orc priest (D:2)
  An orc wizard (D:4)
  An orc (D:4)
  A hobgoblin (D:4)
  A kobold (D:4)
  A ball python (D:3)
6 creatures vanquished.

Vanquished Creatures (others)
  33 foxfires
33 creatures vanquished.

Grand Total: 39 creatures vanquished

Notes
Turn   | Place    | Note
-------+----------+-------------------------------------------
     0 | D:1      | hawla the Meteoran Fire Elementalist began the quest for
                  | the Orb.
     0 | D:1      | Reached XP level 1. HP: 14/14 MP: 5/5
    65 | D:3      | Noticed an orc priest
    65 | D:3      | Noticed an orc priest
    65 | D:3      | Noticed an orc priest
    72 | D:2      | Gained mutation: You are partially covered in large bone
                  | plates. (SH +4) [potion of mutation]
    72 | D:2      | Gained mutation: You occasionally shout uncontrollably at
                  | your foes. [potion of mutation]
    72 | D:2      | Killed an orc priest
    73 | D:2      | Reached skill level 4 in Fire Magic
    73 | D:2      | Reached XP level 2. HP: 4/20 MP: 1/7
    73 | D:2      | Reached XP level 3. HP: 5/26 MP: 1/8
    76 | D:2      | Learned a level 2 spell: Scorch
   333 | D:4      | Reached XP level 4. HP: 14/33 MP: 1/10
   339 | D:4      | HP: 1/33 [orc priest/+0 dagger (1)]
   340 | D:4      | Killed from afar by an orc priest

Illustrated notes

Levels and vault maps discovered:
D:1:      minmay_arrival_up_and_down, layout_basic,
          chequers_serial_rivers_small_a
D:2:      layout_rooms, kennysheep_another_room, uniq_terence, uniq_natasha,
          uniq_crazy_yiuf_cottage
D:3:      layout_basic, nicolae_overflow_hidden_temple, tgw_fedhas,
          doesnt_xom_only_xom, serial_shops, nicolae_square_shop
D:4:      layout_loops_corners, nemelex_spade_bored_becter,
          ebering_ghost_reflecting_pool

Skill      XL: |  1 |
---------------+----+-----
Spellcasting   | 3 |  3.4
Fire Magic     | 4 |  4.8
Fighting       | |  0.2
Dodging        | |  2.9
Stealth        | |  1.4
Conjurations   | |  1.6

Action                   |  1- 3 |  4- 6 || total
-------------------------+-------+-------++-------
Melee: Staff             |       |     3 ||     3
 Cast: Foxfire           |    15 |     4 ||    19
       Scorch            |     1 |       ||     1
  Use: Potion            |     1 |     1 ||     2
Armor: Robe              |     1 |     2 ||     3
Dodge: Dodged            |     2 |     2 ||     4
Block: Other             |       |     2 ||     2
